 Dungeon Crawl Stone Soup version 0.29.1-2-gbd0b4ee654 (webtiles) character file.

Game seed: 12588916340761604955

48 croobank the Conjurer (level 3, -9/25 HPs)
             Began as a Demonspawn Conjurer on Nov 20, 2022.
             Mangled by a worm (10 damage)
             ... on level 2 of the Dungeon.
             The game lasted 00:07:16 (982 turns).

croobank the Conjurer (Demonspawn Conjurer)          Turns: 982, Time: 00:07:16

Health: -9/25      AC:  2    Str:  7    XL:     3   Next: 50%
Magic:  2/6        EV: 12    Int: 21    God:
Gold:   69         SH:  0    Dex: 11    Spells: 3/6 levels left

rFire   . . .      SeeInvis .   a - +0 dagger
rCold   . . .      Faith    .   (no shield)
rNeg    . . .      Spirit   .   h - +0 robe
rPois   .          Reflect  .   (helmet restricted)
rElec   .          Harm     .   (no cloak)
rCorr   .          Rampage  .   (no gloves)
Will    .....                   (no boots)
Stlth   ++........              d - amulet of magic regeneration
HPRegen 0.08/turn               (no ring)
MPRegen 0.50/turn               (no ring)

@: mighty, lethally poisoned (-9 -> -11)
A: antennae 1
a: no special abilities


You were on level 2 of the Dungeon.
You visited 1 branch of the dungeon, and saw 2 of its levels.

You collected 69 gold pieces.

Inventory:

Hand Weapons
 a - a +0 dagger (weapon)
 b - a +0 sling
Missiles
 l - 4 atropa-tipped darts (quivered)
Armour
 h - a +0 robe (worn)
 m - a +0 ring mail
Jewellery
 d - an amulet of magic regeneration (around neck)
Scrolls
 c - 3 scrolls of acquirement {unknown}
 e - a scroll of fog {unknown}
 g - a scroll of vulnerability {unknown}
 n - a scroll of teleportation {unknown}
Potions
 f - a potion of might
 i - 2 potions of berserk rage {unknown}
 j - a potion of haste {unknown}
 k - a potion of lignification {unknown}


   Skills:
 + Level 0.6 Fighting
 + Level 0.5 Short Blades
 + Level 2.2 Dodging
 + Level 2.4 Stealth
 + Level 2.3 Spellcasting
 + Level 4.2 Conjurations


You had 3 spell levels left.
You knew the following spells:

 Your Spells              Type           Power      Damage    Failure   Level
a - Magic Dart            Conj           80%        1d7       2%          1
b - Searing Ray           Conj           40%        2d5       3%          2

Your spell library contained the following spells:

 Spells                   Type           Power      Damage    Failure   Level
 Dazzling Flash           Conj/Hex       22%        N/A       19%         3
 Fulminant Prism          Conj/Hex       5%         3d7       52%         4
 Iskenderun's Mystic Bla  Conj/Tloc      11%        2d4       52%         4


Dungeon Overview and Level Annotations

Branches:
Dungeon (2/15)

Altars:

Shops:
D:1 ?


Innate Abilities, Weirdness & Mutations

You have a pair of small antennae on your head.


Message History

You are poisoned.
The adder poisons you!
You feel sick.
Casting: Searing Ray (safe; 3% risk of failure)
Confirm with . or Enter, or press ? or * to list all spells.
Aiming: Searing Ray (safe; 3% risk of failure)
Press: ? - help, Shift-Dir - straight line, f/p - adder
Aim: an adder (almost dead, 63% to hit)
The searing ray misses the adder.
The searing ray hits the worm.
The worm is moderately wounded. (Press . to maintain the ray.)
You feel sick. The adder closely misses you. The adder bites you.
You are more poisoned.
The adder poisons you!
The searing ray misses the adder.
The searing ray hits the worm!
The worm is severely wounded.
You feel sick. The adder barely misses you.
The searing ray hits the adder!
You kill the adder!
You feel sick.
Casting: Searing Ray (safe; 3% risk of failure)
Confirm with . or Enter, or press ? or * to list all spells.
Aiming: Magic Dart (safe; 2% risk of failure)
Press: ? - help, Shift-Dir - straight line, f - worm
Aim: a worm (severely wounded, 100% to hit)
The magic dart hits the worm.
The worm is almost dead.
You feel sick. The worm barely misses you.
You hit the worm but do no damage.
The worm is almost dead.
You feel sick.
You barely miss the worm.
The worm is almost dead.
You feel sick. The worm bites you.
* * * LOW HITPOINT WARNING * * *
It was a potion of might.
You feel very mighty all of a sudden.
* * * LOW HITPOINT WARNING * * *
You feel sick. The worm bites you!
You die...

#.........######..#
#...#.###.# #
#..#..# #.# .##.
##.###.###### ..
##.......... ..#.
##.###.#.#.## .
#..#..# #.......
#...#.###..$~~.#
#......@$..~_~.#
##.##...w..~~~.. #.
##.........# #
#.####.#.#. #.#
....# #.# #.## #..
.# ### #


You could see a worm.

Vanquished Creatures
  An adder (D:2)
  5 bats
  3 endoplasms (D:1)
  2 giant cockroaches (D:1)
  5 goblins (D:1)
  5 hobgoblins
  A quokka (D:2)
  3 ball pythons (D:1)
  4 frilled lizards
  2 kobolds
  5 rats (D:1)
36 creatures vanquished.

Notes
Turn   | Place    | Note
-------+----------+-------------------------------------------
     0 | D:1      | croobank the Demonspawn Conjurer began the quest for the
                  | Orb.
     0 | D:1      | Reached XP level 1. HP: 13/13 MP: 3/3
   101 | D:1      | Gained mutation: You have a pair of small antennae on your
                  | head. [demonic ancestry]
   101 | D:1      | Reached XP level 2. HP: 14/19 MP: 0/5
   177 | D:1      | Learned a level 2 spell: Searing Ray
   281 | D:1      | Found Tugeg's Magic Scroll Boutique.
   643 | D:1      | Reached XP level 3. HP: 25/25 MP: 3/6
   961 | D:2      | Found a faded altar of an unknown god.
   982 | D:2      | HP: 1/25 [poisoned by an adder]
   982 | D:2      | Mangled by a worm

Illustrated notes

Levels and vault maps discovered:
D:1:      minmay_arrival_diagonal_passages, layout_loops_cross, serial_shops,
          nicolae_square_shop
D:2:      layout_loops_ring, basic_altar, serial_shops, shop_coins,
          hellmonk_ecumenical_altar_pennies_from_heaven

Skill      XL: |  1 |
---------------+----+-----
Stealth        | 2 |  2.4
Dodging        | 2 |  2.2
Fighting       | |  0.6
Short Blades   | |  0.5
Spellcasting   | |  2.3
Conjurations   | |  4.2

Action                   || total
-------------------------++-------
Melee: Unarmed           ||    10
       Dagger            ||     4
 Cast: Magic Dart        ||    60
       Searing Ray       ||     3
  Use: Potion            ||     2
 Stab: Sleeping          ||     1
Armor: Robe              ||     2
Dodge: Dodged            ||     9
